 Dungeon Crawl Stone Soup version 0.30-a0-134-gb40fab5c76 (webtiles) character file.

Game seed: 10579878415154580878

3127 Flugkiller the Magician (level 10, -2/83 HPs)
             Began as a Meteoran Ice Elementalist on Sept 19, 2022.
             Was a Priest of Uskayaw.
             Slain by an orc warrior
             ... wielding a +0 mace
              (10 damage)
             ... on level 8 of the Dungeon.
             The game lasted 00:14:43 (1762 turns).

Flugkiller the Magician (Meteoran Ice Elementalist) Turns: 1762, Time: 00:14:43

Health: -2/83      AC:  3    Str:  7    XL:     10   Next: 36%
Magic:  35/40      EV: 14    Int: 22    God:    Uskayaw [***...]
Gold:   242        SH:  0    Dex: 15    Spells: 16/24 levels left

rFire   + . .      SeeInvis .    C - +3 great sword
rCold   . . .      Faith    .    (shield currently unavailable)
rNeg    . . .      Spirit   .    n - +1 robe of the Beekeeper {rF+ MP+9 Str-2 Archmagi}
rPois   +          Reflect  .    (no helmet)
rElec   .          Harm     .    (no cloak)
rCorr   .          Rampage  .    (no gloves)
Will    +....      Archmagi +    (no boots)
Stlth   +.........               (no amulet)
HPRegen 0.23/turn                d - ring of magical power
MPRegen 0.27/turn                o - ring of poison resistance

@: confused, mighty, brilliant, lethally poisoned (-2 -> -5), flying, slowed,
glowing, very slow
A: sense surroundings 2, otherworldly, glowing, explore regen
a: Renounce Religion, Stomp, Line Pass


You were on level 8 of the Dungeon.
You worshipped Uskayaw.
Uskayaw was noncommittal.
You visited 2 branches of the dungeon, and saw 9 of its levels.

You collected 242 gold pieces.

Inventory:

Hand Weapons
 c - a +0 hand axe of distortion
   (You took it off an orc on level 4 of the Dungeon)
 e - a +2 dagger of venom
   (You took it off a goblin on level 1 of the Dungeon)
 r - a +3 scimitar
   (You took it off a wight on level 7 of the Dungeon)
 z - a +5 flail of holy wrath
   (You took it off Edmund on level 6 of the Dungeon)
 C - a +3 great sword (weapon)
   (You took it off a wight on level 7 of the Dungeon)
Missiles
 s - 3 curare-tipped darts (quivered)
Armour
 a - a +2 robe of willpower
   (You took it off Pikel on level 6 of the Dungeon)
 n - the +1 robe of the Beekeeper (worn) {rF+ MP+9 Str-2 Archmagi}
   (You found it on level 4 of the Dungeon)

   Str:       It affects your strength (-2).
   rF:        It protects you from fire.
   MP:        It affects your magic capacity (+9).
   Archmagi:  It increases the power of your magical spells.
 y - a +2 robe of fire resistance
   (You took it off Blork the orc on level 5 of the Dungeon)
Jewellery
 d - a ring of magical power (left hand)
   (You found it on level 1 of the Dungeon)
 g - a ring of magical power
   (You found it on level 4 of the Dungeon)
 j - a ring of fire
   (You found it on level 2 of the Dungeon)
 m - a ring of willpower
   (You found it on level 7 of the Dungeon)
 o - a ring of poison resistance (right hand)
   (You found it on level 1 of the Dungeon)
Wands
 x - a wand of mindburst (4)
   (You found it on level 5 of the Dungeon)
 A - a wand of charming (7)
   (You took it off Pikel on level 6 of the Dungeon)
Scrolls
 f - a scroll of magic mapping
 i - a scroll of fear
 l - a scroll of amnesia
 p - a scroll of butterflies {unknown}
 q - a scroll of immolation
 t - 3 scrolls of teleportation
 u - a scroll of vulnerability
Potions
 b - 3 potions of magic
 h - a potion of mutation
 v - a potion of brilliance


   Skills:
 - Level 6.0 Fighting
 + Level 3.8 Long Blades
 - Level 3.7 Maces & Flails
 - Level 5.0 Dodging
 - Level 1.4 Stealth
 + Level 7.5 Spellcasting
 - Level 6.0 Conjurations
 - Level 6.0 Ice Magic
 - Level 6.0 Invocations
 - Level 5.0 Evocations


You had 16 spell levels left.
You knew the following spells:

 Your Spells              Type           Power      Damage    Failure   Level
a - Freeze                Ice            100%       1d11      1%          1
b - Frozen Ramparts       Ice            100%       1d16      1%          3
c - Hailstorm             Conj/Ice       67%        3d14      7%          4

Your spell library contained the following spells:

 Spells                   Type           Power      Damage    Failure   Level
 Ozocubu's Armour         Ice            67%        N/A       1%          3
 Summon Guardian Golem    Hex/Summ       18%        N/A       24%         3
 Orb of Destruction       Conj           33%        9d10      99%         7
 Spellforged Servitor     Conj/Summ      24%        N/A       100%        7


Dungeon Overview and Level Annotations

Branches:
Dungeon (8/15) Zot: 3070   Temple (1/1) D:5 Zot: 567
   Lair: D:8-11

Altars:
Ashenzari
Hepliaklqana
Makhleb
Okawaru
Uskayaw
Wu Jian
Xom
The Shining One

Annotations:
D:4 Dowan
D:5 3 runed translucent doors, funkygono's ghost, novice DsFE
D:8 Erica


Innate Abilities, Weirdness & Mutations

You passively map the area around you.
You are easily found by Zot.
You glow in the dark.
You regain HP and MP as you explore.


Message History

Casting: Frozen Ramparts (mildly dangerous; 2% risk of failure)
Confirm with . or Enter, or press ? or * to list all spells.
You can't see any susceptible monsters within range! (Use Z to cast anyway.)
Casting: Frozen Ramparts (mildly dangerous; 2% risk of failure)
Confirm with . or Enter, or press ? or * to list all spells.
You feel a surge of power!
The walls around you are covered in ice.
The wall freezes the orc!
You kill the orc!
Erica gestures wildly while chanting.
Erica flickers and vanishes!
Deactivating autopickup; reactivate with Ctrl-A.
The wall freezes the two-headed ogre!
Your life force feels restored.
Unknown command.
You slash the two-headed ogre!
The two-headed ogre is moderately wounded.
The wall freezes the two-headed ogre.
The two-headed ogre hits you with a +0 giant club!!
The two-headed ogre hits you with a +0 giant club!
The wall freezes the orc wizard.
The wall freezes something!
You can now pass through a line of other dancers.
Aiming: Mindburst
Press: ? - help, Shift-Dir - straight line, f - two-headed ogre
Aim: a two-headed ogre, wielding two +0 giant clubs (moderately wounded, chance to affect: 67%)
The two-headed ogre's minds are blasted!
The wall freezes the two-headed ogre!
The two-headed ogre barely misses you.
The two-headed ogre hits you with a +0 giant club!
The wall freezes the orc wizard!
You kill the orc wizard!
An orc warrior comes into view. It is wielding a +0 mace.
The wall freezes something!
Uskayaw will force your foes to helplessly watch your dance.
Uskayaw prepares the audience for your solo!
The helpless two-headed ogre fails to defend itself.
You slash the two-headed ogre!
The two-headed ogre is almost dead.
The wall freezes the two-headed ogre!
You kill the two-headed ogre!
The wall freezes something!
Your Long Blades skill gained 3 levels and is now at level 3!
Your Spellcasting skill increases to level 7!
Unknown command.
Casting: Frozen Ramparts (safe; 1% risk of failure)
Confirm with . or Enter, or press ? or * to list all spells.
You feel a surge of power!
A cannonade of hail descends around you!
The orc warrior is no longer paralysed.
The wall freezes something!
Something hits you. Something burns you.
Uskayaw will force your foes to share their pain.
Uskayaw links your audience in an emotional bond!
Aiming: Mindburst
Press: ? - help, Shift-Dir - straight line, f - orc warrior
Aim: an orc warrior, wielding a +0 mace and wearing a +0 chain mail (sharing its pain, chance to affect: 81%) Nothing appears to happen.
The wall freezes something!
Something hits you!
* * * LOW HITPOINT WARNING * * *
Aiming: Mindburst
Press: ? - help, Shift-Dir - straight line, f/p - orc warrior
Aim: an orc warrior, wielding a +0 mace and wearing a +0 chain mail (sharing its pain, chance to affect: 81%) Nothing appears to happen.
The wall freezes something.
You hear some strange, mumbled words.
A lance of force appears from out of thin air!
The lance of force hits you!
* * * LOW HITPOINT WARNING * * *
The frozen ramparts melt away as you move.
You are knocked back by the lance of force.
Aiming: Mindburst
Press: ? - help, Shift-Dir - straight line, f - you
Okay, then.
Unknown command.
You feel much better.
Aiming: Mindburst
Press: ? - help, Shift-Dir - straight line, f/p - orc warrior
Aim: an orc warrior, wielding a +0 mace and wearing a +0 chain mail (lightly wounded, sharing its pain, chance to affect: 81%) Nothing appears to happen.
The orc warrior is no longer sharing its pain.
You hear some strange, mumbled words.
A bolt of poison appears from out of thin air!
The bolt of poison hits you.
You are poisoned.
You resist.
* * * LOW HITPOINT WARNING * * *
Unknown command.
It was a potion of brilliance.
You feel clever all of a sudden.
You feel very sick.
You are confused.
You are too confused!
Unknown command.
Okay, then.
You feel very sick.
You feel sick.
You feel yourself slow down.
You feel very sick.
It was a potion of might.
You feel very mighty all of a sudden.
You feel sick.
It was a potion of flight.
You feel very buoyant.
You fly up into the air.
You feel sick. Something barely misses you.
The orc warrior hits you with a +0 mace!
You die...

#......#...........#.....#.....
#......#...........'.....#.....
,
#......#...........#.....#.....
,*...O..#.....(.....#
....#.....
**#....#...........#,,##.# ,
###....#........#'##.. #*
,.......#........'......, ,,
......))).......#...... ,, ,
.......#.....o@.##+##.# *
,.......#............# #*,
,,.#..#..#............# , *
*##*####............#
#............+ , ,,
#............# ,, *
#............# * , ,,
..########.... , ..#, , , , ,


You could see an orc warrior.

Vanquished Creatures
  A two-headed ogre (D:8)
  Pikel (D:6)
  A troll (D:7)
  Menkaure (D:7)
  Edmund (D:6)
  A water moccasin (D:7)
  Duvessa (D:4)
  2 phantoms (D:6)
  A lemure (D:6)
  2 centaurs (D:6)
  Blork the orc (D:5)
  A bullfrog (D:6)
  3 scorpions
  5 wights (D:7)
  4 killer bees (D:7)
  3 jellies
  A gnoll bouda (D:5)
  2 hounds (D:6)
  2 iguanas
  An orc wizard (D:8)
  8 gnolls
  An adder (D:6)
  A shadow imp (D:6)
  An ufetubus (D:6)
  A dart slug (D:4)
  14 orcs
  A bat (D:1)
  2 endoplasms
  4 giant cockroaches
  12 goblins
  10 hobgoblins
  9 kobolds
  2 quokkas (D:2)
  3 ball pythons
  A frilled lizard (D:2)
  3 rats (D:1)
108 creatures vanquished.

Vanquished Creatures (others)
  8 toadstools (D:2)
8 creatures vanquished.

Grand Total: 116 creatures vanquished

Notes
Turn   | Place    | Note
-------+----------+-------------------------------------------
     0 | D:1      | Flugkiller the Meteoran Ice Elementalist began the quest
                  | for the Orb.
     0 | D:1      | Reached XP level 1. HP: 14/14 MP: 5/5
    47 | D:1      | Reached skill level 3 in Spellcasting
    47 | D:1      | Reached XP level 2. HP: 15/20 MP: 7/7
   214 | D:2      | Reached XP level 3. HP: 26/26 MP: 8/8
   222 | D:2      | Found a faded altar of an unknown god.
   279 | D:2      | You fall into a shaft and drop 2 floors!
   281 | D:4      | Noticed a scorpion
   287 | D:4      | Killed a scorpion
   288 | D:4      | Reached skill level 4 in Spellcasting
   288 | D:4      | Reached skill level 5 in Ice Magic
   288 | D:4      | Reached XP level 4. HP: 15/33 MP: 11/11
   299 | D:4      | Learned a level 3 spell: Frozen Ramparts
   317 | D:3      | Found an iron altar of Okawaru.
   317 | D:3      | Found a hazy altar of Hepliaklqana.
   354 | D:4      | Reached XP level 5. HP: 10/38 MP: 13/13
   491 | D:4      | Reached skill level 5 in Spellcasting
   511 | D:4      | Reached XP level 6. HP: 24/46 MP: 14/14
   514 | D:4      | Identified the +1 robe of the Beekeeper {rF+ MP+9 Str-2
                  | Archmagi}
   543 | D:4      | Reached skill level 1 in Fighting
   668 | D:4      | Noticed Dowan
   668 | D:4      | Noticed Duvessa
   675 | D:4      | Killed Duvessa
   744 | D:4      | Reached XP level 7. HP: 50/58 MP: 15/15
   821 | D:5      | Entered Level 5 of the Dungeon
   844 | D:5      | Found a staircase to the Ecumenical Temple.
   856 | Temple   | Entered the Ecumenical Temple
   877 | Temple   | Became a worshipper of Uskayaw the Reveller
   969 | D:6      | Reached * piety under Uskayaw
   971 | D:6      | Noticed Pikel
   971 | D:6      | Reached ** piety under Uskayaw
   995 | D:5      | Reached skill level 1 in Evocations
   996 | D:5      | Reached *** piety under Uskayaw
   999 | D:5      | Reached **** piety under Uskayaw
  1055 | D:5      | Found a runed translucent gate.
  1056 | D:5      | Found a runed translucent gate.
  1057 | D:5      | Found a runed translucent gate.
  1067 | D:5      | Noticed funkygono's ghost (novice DsFE)
  1067 | D:5      | Noticed Blork the orc
  1077 | D:5      | Killed Blork the orc
  1078 | D:5      | Reached XP level 8. HP: 62/66 MP: 16/16
  1132 | D:6      | Killed Pikel
  1132 | D:6      | Reached ***** piety under Uskayaw
  1133 | D:6      | Reached skill level 5 in Evocations
  1137 | D:6      | Reached skill level 5 in Fighting
  1139 | D:6      | Reached ****** piety under Uskayaw
  1142 | D:6      | Gained mutation: You passively map the area around you.
                  | [Meteoran growth]
  1142 | D:6      | Reached XP level 9. HP: 59/74 MP: 17/17
  1144 | D:6      | Noticed Edmund
  1213 | D:6      | Learned a level 4 spell: Hailstorm
  1246 | D:6      | Killed Edmund
  1247 | D:6      | Reached skill level 5 in Dodging
  1404 | D:7      | Noticed a troll
  1409 | D:7      | Killed a troll
  1410 | D:7      | Reached skill level 5 in Conjurations
  1432 | D:7      | Noticed Menkaure
  1436 | D:7      | Killed Menkaure
  1470 | D:7      | Reached skill level 1 in Maces & Flails
  1577 | D:7      | Reached XP level 10. HP: 83/83 MP: 19/19
  1585 | D:7      | Reached skill level 6 in Spellcasting
  1742 | D:8      | Noticed a two-headed ogre
  1743 | D:8      | Noticed Erica
  1751 | D:8      | Killed a two-headed ogre
  1752 | D:8      | Reached skill level 7 in Spellcasting
  1762 | D:8      | Slain by an orc warrior

Illustrated notes

Levels and vault maps discovered:
D:1:      matt_arrival_grand_opening, layout_basic, corexii_corridor_pit,
          amethyst_killhole, serial_bayou_ford_a
D:2:      cheibrodos_fertilizer, layout_loops_cross,
          dreamdust_ecumenical_altar_grove, minmay_statues_item, minmay_tripent,
          uniq_robin
D:3:      layout_loops_cross, amethyst_overflow_temple_binary,
          nicolae_ru_the_path_less_chosen, chequers_serial_rivers_micro_d
D:4:      corexii_shantytown, layout_loops_ring, uniq_duvessa
D:5:      layout_loops_corners, minmay_temple_entry_arrows,
          gammafunk_ghost_split, uniq_blork_the_orc
D:6:      layout_rooms, uniq_pikel, uniq_edmund
D:7:      layout_basic, hangedman_abyss_or_decor_stabs, uniq_menkaure
D:8:      layout_gridville, kennysheep_dice, uniq_erica, uniq_prince_ribbit1
Temple:   mainiacjoe_temple_bowtie_tessellation

Skill      XL: |  1  2  3  4  5  6  7  8  9 10 |
---------------+-------------------------------+-----
Spellcasting   | 3 4 5 7 |  7.5
Ice Magic      | 5 6 |  6.0
Fighting       | 3 4 5 6 |  6.0
Invocations    | 4 6 |  6.0
Evocations     | 2 5 |  5.0
Dodging        | 3 5 |  5.0
Conjurations   | 6 |  6.0
Maces & Flails | 2 3 |  3.7
Long Blades    | 3 |  3.8
Stealth        | |  1.4

Action                   |  1- 3 |  4- 6 |  7- 9 | 10-12 || total
-------------------------+-------+-------+-------+-------++-------
Melee: Dagger            |     3 |    11 |    28 |       ||    42
       Punch             |       |       |     1 |       ||     1
       Flail             |       |       |       |     3 ||     3
       Great sword       |       |       |       |     2 ||     2
Throw: Dart              |       |     2 |     6 |       ||     8
 Cast: Freeze            |    26 |    31 |    20 |       ||    77
       Frozen Ramparts   |       |    14 |    15 |     3 ||    32
       Hailstorm         |       |       |     7 |     5 ||    12
Evoke: Wand              |       |       |       |     4 ||     4
  Use: Scroll            |       |     1 |     8 |       ||     9
       Potion            |       |       |     2 |     4 ||     6
 Stab: Paralysed         |       |       |     1 |     3 ||     4
Armor: Robe              |     5 |     3 |     6 |       ||    14
Dodge: Dodged            |    11 |    17 |    42 |     6 ||    76

Table legend: (Time is in decaauts)
 A = Elapsed time spent in this place.
 B = Non-inter-level travel time spent in this place.
 C = Inter-level travel time spent in this place.
 D = Time resting spent in this place.
 E = Time spent auto-exploring this place.
 F = Levels seen in this place.
 G = Mean time per level.
                   A        B        C        D        E       F      G
               +--------+--------+--------+--------+--------+-----+--------+
         Total |   1761 |   1626 |    135 |      0 |      0 |   9 |  195.7 |
       Dungeon |   1728 |   1598 |    130 |      0 |      0 |   8 |  216.0 |
        Temple |     32 |     27 |      5 |      0 |      0 |   1 |   32.0 |
               +--------+--------+--------+--------+--------+-----+--------+

Top non-repeatable levels by time:
     D:4: 506 daAuts
     D:6: 289 daAuts
     D:7: 282 daAuts
     D:5: 210 daAuts
     D:1: 195 daAuts
     D:8: 127 daAuts
     D:2: 98 daAuts
  Temple: 32 daAuts
     D:3: 18 daAuts
